Map: Dusk Towers

Players

lesha - Winner!

  • Race: Terran Terran
  • League: Silver

AxeL

  • Race: Protoss Protoss
  • League: Gold

VOD

Have the link to the VOD?

Description

Time

  • Played on: Dec. 29, 2015, 9:38 a.m.
  • Length: 11:16
Show
View Real Time Build Order
Export as new Build Order

lesha Terran - Winner!

Build Orders: Reaper Expand, MMM Bio 

Get SALT Encoding   

  12  0:02  SCV  
  13  0:14  SCV  
  14  0:19  Supply Depot  
  14  0:26  SCV  
  15  0:40  SCV  
  16  0:43  Barracks  
  16  0:49  Refinery  
  16  0:52  SCV  
  17  1:04  SCV  
  18  1:17  SCV  
  19  1:29  Orbital Command  
  19  1:38  Reaper  
  20  1:48  Command Center  
  20  1:59  SCV  
  21  2:02  Supply Depot  
  21  2:04  Refinery  
  21  2:11  SCV  
  22  2:17  Barracks Reactor  
  22  2:23  SCV  
  23  2:35  SCV  
  24  2:41  Factory  
  24  3:04  SCV  
  25  3:09  Orbital Command  
  24  3:15  Marine x2  
  26  3:24  Barracks x2  
  26  3:25  SCV, Engineering Bay  
  27  3:33  Marine x2  
  29  3:35  SCV  
  29  3:37  SCV  
  31  3:44  Supply Depot  
  31  3:46  Supply Depot  
  31  3:47  SCV  
  32  3:49  SCV  
  32  3:52  Barracks  
  32  3:53  Factory Tech Lab  
  32  3:54  Marine x2  
  35  3:59  SCV  
  35  4:01  SCV  
  35  4:11  SCV  
  35  4:15  Marine x2  
  35  4:16  Barracks Reactor  
  36  4:17  Barracks Tech Lab  
  36  4:20  Siege Tank  
  36  4:22  SCV  
  36  4:23  SCV  
  41  4:28  Refinery  
  41  4:29  Terran Infantry Weapons Level 1  
  41  4:35  SCV x2  
  41  4:36  Missile Turret  
  41  4:38  Marine x2  
  45  4:41  Marauder  
  45  4:43  Stimpack  
  47  4:47  SCV x2  
  47  4:51  Missile Turret  
  49  4:54  Marine  
  49  4:57  Barracks Reactor, Marine  
  49  4:59  SCV x2  
  53  5:12  Starport  
  53  5:19  Marine x2, Barracks, Marauder  
  53  5:20  Marine x2  
  59  5:30  Siege Tank  
  62  5:39  Marine  
  62  5:53  Refinery  
  62  5:58  Supply Depot  
  62  5:59  Supply Depot  
  62  6:03  Supply Depot, Starport Reactor  
  62  6:05  Supply Depot  
  62  6:08  Barracks Reactor  
  62  6:20  SCV x2, Marine x6  
  62  6:23  Marine  
  71  6:32  SCV x2  
  73  6:33  Terran Infantry Armor Level 1  
  73  6:37  Marine x3  
  76  6:42  Marine x3, Marauder  
  76  6:45  Armory  
  81  6:47  Command Center, SCV  
  81  6:48  SCV, Engineering Bay  
  81  6:53  Marine x2  
  85  6:55  Marine x2  
  85  7:00  Medivac x2  
  87  7:34  Marine x3  
  87  7:35  Marine x4  
  94  7:44  Terran Infantry Weapons Level 2  
  94  7:46  Supply Depot x2  
  94  7:47  Supply Depot  
  94  7:48  Supply Depot, Combat Shields  
  94  7:59  Medivac x2, Marine x4  
  94  8:03  Marine x2  
  94  8:04  Marine x3  
  107  8:16  Marine  
  106  8:54  Marine x6  
  106  8:55  Marine x3  
  111  9:11  Marine  
  111  9:12  Marine  
  100  9:41  Marine x5  
  100  9:42  Marine x4  
  100  9:43  Siege Tank  
  100  9:45  Medivac x2  
  112  9:59  Marine x4  
  116  10:10  Marine x5  
  116  10:12  Command Center  
  121  10:15  Medivac x2  
  121  10:16  Siege Tank  
  121  10:17  Marine x4  
  121  10:21  Command Center  
  132  10:28  Marine  
  133  10:30  Command Center  
Show
View Real Time Build Order
Export as new Build Order

AxeL Protoss 

Build Orders:  

Get SALT Encoding   

  12  0:01  Probe (Chrono Boost)  
  13  0:16  Pylon  
  13  0:21  Assimilator  
  13  0:25  Probe (Chrono Boost)  
  14  0:42  Gateway  
  14  1:10  Probe (Chrono Boost)  
  14  1:21  Gateway  
  14  1:23  Probe (Chrono Boost)  
  15  1:33  Cybernetics Core, Probe (Chrono Boost)  
  16  1:44  Probe (Chrono Boost)  
  17  1:53  Pylon  
  17  1:54  Probe (Chrono Boost)  
  18  2:05  Probe (Chrono Boost)  
  19  2:10  Adept x2  
  23  2:26  Mothership Core (Chrono Boost)  
  25  2:40  Warp Gate  
  25  2:42  Nexus  
  25  3:24  Probe (Chrono Boost)  
  26  3:27  Assimilator  
  26  3:34  Probe (Chrono Boost)  
  26  3:35  Stargate  
  27  3:45  Probe (Chrono Boost)  
  26  4:20  Oracle  
  29  4:30  Probe (Chrono Boost)  
  30  4:40  Probe (Chrono Boost)  
  30  4:42  Gateway  
  30  4:44  Gateway  
  31  4:47  Gateway  
  31  4:49  Probe (Chrono Boost)  
  31  4:51  Probe (Chrono Boost)  
  33  4:53  Gateway  
  33  4:59  Probe (Chrono Boost)  
  34  5:01  Probe (Chrono Boost), Pylon  
  34  5:04  Pylon  
  35  5:10  Probe (Chrono Boost)  
  35  5:12  Probe (Chrono Boost)  
  35  5:13  Assimilator  
  37  5:17  Assimilator  
  37  5:20  Probe (Chrono Boost)  
  38  5:22  Probe (Chrono Boost)  
  39  5:30  Robotics Facility  
  39  5:31  Probe (Chrono Boost)  
  39  5:32  Twilight Council  
  39  5:33  Probe (Chrono Boost)  
  41  5:41  Probe (Chrono Boost)  
  42  5:43  Probe (Chrono Boost)  
  43  5:55  Probe (Chrono Boost)  
  43  5:56  Probe (Chrono Boost)  
  45  6:06  Probe x2 (Chrono Boost)  
  45  6:08  Sentry x2  
  45  6:10  Stalker x2  
  45  6:11  Stalker x2  
  57  6:16  Probe (Chrono Boost)  
  57  6:17  Probe (Chrono Boost)  
  61  6:27  Probe (Chrono Boost)  
  62  6:37  Pylon  
  62  6:38  Pylon  
  62  6:47  Dark Shrine  
  62  6:54  Warp Prism  
  62  6:55  Probe x2 (Chrono Boost)  
  66  7:06  Probe (Chrono Boost)  
  66  7:07  Pylon  
  67  7:09  Pylon  
  67  7:11  Pylon  
  67  7:38  Zealot x2  
  67  7:39  Zealot x3  
  67  7:40  Zealot  
  79  8:00  Pylon  
  79  8:04  Dark Templar x2  
  79  8:05  Dark Templar x3  
  87  8:06  Dark Templar  
  77  8:44  Dark Templar  
  77  8:45  Dark Templar x5  
  82  9:30  Probe (Chrono Boost)  
  83  9:41  Pylon  
  83  9:44  Pylon  
  83  9:46  Nexus  
  83  9:47  Pylon  
  83  10:01  Probe x2 (Chrono Boost)  
  85  10:08  Robotics Facility  
  85  10:09  Robotics Facility  
  85  10:12  Probe x2 (Chrono Boost)  
  85  10:13  Twilight Council  
  70  10:22  Probe (Chrono Boost)  
  39  10:41  Stalker  
  39  10:44  Stalker  
  39  10:45  Zealot  
  39  10:46  Zealot x3  
  38  10:54  Dark Templar  
Tags
 
Composition
MMM Bio
Matchup
PvT
Add a new tag
Caveats
  • Supply blocks, unpowered buildings, or Contaminate may cause inaccurate times.
  • Supply counts are checked every 10 seconds.